MLB
TORONTO BLUE JAYS @ MIAMI MARLINS
09/07/2047
 
TOP OF THE 1ST
Toronto Blue Jays batting - Pitching for Miami Marlins : RHP Oscar Banda
Pitching: RHP Oscar Banda
Batting: RHB Danny Burnside 0-0: Ball
1-0: Ball
2-0: Ground out 4-3 (Groundball, 34, EV 85.6 MPH)
Batting: LHB Michael Byrd 0-0: Ball
1-0: Ball
2-0: Ball
3-0: Called Strike
3-1: Swinging Strike
3-2: Base on Balls
Batting: LHB Jon Schick 0-0: Called Strike
0-1: Ball
1-1: Swinging Strike
1-2: Ball
2-2: Strikes out swinging
Batting: LHB Willis Robles 0-0: Ball
1-0: Ground out 4-3 (Groundball, 34, EV 85.6 MPH)
Top of the 1st over - 0 runs, 0 hits, 0 errors, 1 left on base; Toronto 0 - Miami 0
BOTTOM OF THE 1ST
Miami Marlins batting - Pitching for Toronto Blue Jays : RHP Zack Rust
Pitching: RHP Zack Rust
Batting: RHB Mike Gar 0-0: SOLO HOME RUN (Flyball, 7D, EV 97.5 MPH), Distance : 371 ft
Batting: RHB Roger Salazar 0-0: TRIPLE (Groundball, 3L, EV 103.8 MPH)
Batting: LHB Brad Turner 0-0: Called Strike
0-1: Foul Ball, location: 2F
0-2: Foul Ball, location: 2F
0-2: SINGLE (Groundball, 34D, EV 94.4 MPH)
Roger Salazar scores
Batting: RHB Jimmy Groseclose 0-0: Called Strike
0-1: Foul Ball, location: 2F
0-2: Ball
1-2: Ball
2-2: Fly out, F8 (Line Drive, 89D, EV 92.5 MPH)
Batting: SHB Tze-meng Gan 0-0: Ball
1-0: Ball
2-0: Ball
3-0: Base on Balls
Brad Turner to second
Batting: RHB Bert Clark 0-0: Foul Ball, location: 2F
0-1: Ball
1-1: Called Strike
1-2: Ball
2-2: Ball
3-2: Foul Ball, location: 2F
3-2: Foul Ball, location: 2F
3-2: Fielders Choice at 3rd, U5 (Groundball, 5L, EV 96.2 MPH)
Tze-meng Gan to second
Batting: RHB Adam McGurn 0-0: Ball
1-0: Foul Ball, location: 2F
1-1: DOUBLE (Flyball, 78D, EV 105.0 MPH)
Tze-meng Gan scores
Bert Clark to third
Batting: RHB Alberto Cotto 0-0: Ball
1-0: SINGLE (Groundball, 34D, EV 103.8 MPH)
Bert Clark scores
Adam McGurn to third
Runner from 3rd tries for Home, SAFE, throw by RF to home
Batting: RHB Willie Chavez 0-0: Swinging Strike
0-1: Ground out 5-3 (Groundball, 56S, EV 88.8 MPH)
Bottom of the 1st over - 5 runs, 5 hits, 0 errors, 1 left on base; Toronto 0 - Miami 5
TOP OF THE 2ND
Toronto Blue Jays batting - Pitching for Miami Marlins : RHP Oscar Banda
Batting: SHB Zory Larikov 0-0: Ball
1-0: Fly out, F8 (Flyball, 78XD, EV 76.9 MPH)
Batting: LHB Nate Dean 0-0: Ball
1-0: Foul Ball, location: 2F
1-1: DOUBLE (Line Drive, 7LS, EV 106.9 MPH)
Batting: RHB Donny Burnside 0-0: Ball
1-0: Foul Ball, location: 2F
1-1: Called Strike
1-2: Strikes out swinging
Batting: RHB Kirk Arp 0-0: Ball
1-0: Called Strike
1-1: Foul Ball, location: 2F
1-2: Ball
2-2: Fly out, F8 (Flyball, 8LD, EV 101.2 MPH)
Top of the 2nd over - 0 runs, 1 hit, 0 errors, 1 left on base; Toronto 0 - Miami 5
BOTTOM OF THE 2ND
Miami Marlins batting - Pitching for Toronto Blue Jays : RHP Zack Rust
Batting: RHB Mike Gar 0-0: Ball
1-0: Ball
2-0: Ball
3-0: SINGLE (Line Drive, 7LS, EV 106.9 MPH)
Batting: RHB Roger Salazar 0-0: Called Strike
0-1: Fly out, F5 (Line Drive, 5, EV 68.1 MPH)
Batting: LHB Brad Turner 0-0: Ball
1-0: Called Strike
1-1: Called Strike
1-2: Ball
2-2: Strikes out looking
Batting: RHB Jimmy Groseclose 0-0: Swinging Strike
0-1: Ball
1-1: Ball
Mike Gar is caught stealing 2nd base 2-4
Bottom of the 2nd over - 0 runs, 1 hit, 0 errors, 0 left on base; Toronto 0 - Miami 5
TOP OF THE 3RD
Toronto Blue Jays batting - Pitching for Miami Marlins : RHP Oscar Banda
Batting: SHB Spencer Jones 0-0: Called Strike
0-1: Ground out 6-3 (Groundball, 4M, EV 86.9 MPH)
Batting: RHB Danny Burnside 0-0: Foul Ball, location: 2F
0-1: Fly out, F8 (Flyball, 89M, EV 87.5 MPH)
Batting: LHB Michael Byrd 0-0: Fly out, F7 (Line Drive, 7D, EV 98.1 MPH)
Top of the 3rd over - 0 runs, 0 hits, 0 errors, 0 left on base; Toronto 0 - Miami 5
BOTTOM OF THE 3RD
Miami Marlins batting - Pitching for Toronto Blue Jays : RHP Zack Rust
Batting: RHB Jimmy Groseclose 0-0: Ball
1-0: Swinging Strike
1-1: Ground out 6-3 (Groundball, 6S, EV 91.9 MPH)
Batting: SHB Tze-meng Gan 0-0: Called Strike
0-1: Ball
1-1: Swinging Strike
1-2: Strikes out swinging
Batting: RHB Bert Clark 0-0: Foul Ball, location: 2F
0-1: Ball
1-1: Swinging Strike
1-2: Ball
2-2: Ball
3-2: Ground out 4-3 (Groundball, 4, EV 85.0 MPH)
Bottom of the 3rd over - 0 runs, 0 hits, 0 errors, 0 left on base; Toronto 0 - Miami 5
TOP OF THE 4TH
Toronto Blue Jays batting - Pitching for Miami Marlins : RHP Oscar Banda
Batting: LHB Jon Schick 0-0: Ball
1-0: Ball
2-0: Called Strike
2-1: Foul Ball, location: 2F
2-2: Fly out, F9 (Line Drive, 89M, EV 89.4 MPH)
Batting: LHB Willis Robles 0-0: Foul Ball, location: 2F
0-1: Ball
1-1: Ball
2-1: Ball
3-1: DOUBLE (Line Drive, 89D, EV 108.8 MPH)
Batting: SHB Zory Larikov 0-0: Ball
1-0: Called Strike
1-1: Ball
2-1: Foul Ball, location: 2F
2-2: Fly out, F7 (Flyball, 7, EV 88.1 MPH)
Batting: LHB Nate Dean 0-0: Ball
1-0: Foul Ball, location: 2F
1-1: Swinging Strike
1-2: Ground out 4-3 (Groundball, 4, EV 89.4 MPH)
Top of the 4th over - 0 runs, 1 hit, 0 errors, 1 left on base; Toronto 0 - Miami 5
BOTTOM OF THE 4TH
Miami Marlins batting - Pitching for Toronto Blue Jays : RHP Zack Rust
Batting: RHB Adam McGurn 0-0: Foul Ball, location: 2F
0-1: Ball
1-1: SINGLE (Flyball, 4D, EV 90.0 MPH)
Pitching: RHP Bobby Wright
Batting: RHB Alberto Cotto 0-0: Grounds out, U3 (Groundball, 3L, EV 110.0 MPH)
Batting: RHB Willie Chavez 0-0: SINGLE (Flyball, 4D, EV 91.2 MPH)
Adam McGurn to third
Batting: RHB Mike Gar 0-0: Ball
1-0: Ball
2-0: Called Strike
2-1: Ball
3-1: Foul Ball, location: 2F
3-2: Strikes out swinging
Batting: RHB Roger Salazar 0-0: Ball
1-0: Called Strike
1-1: Swinging Strike
1-2: Ball
2-2: Strikes out swinging
Bottom of the 4th over - 0 runs, 2 hits, 0 errors, 2 left on base; Toronto 0 - Miami 5
TOP OF THE 5TH
Toronto Blue Jays batting - Pitching for Miami Marlins : RHP Oscar Banda
Batting: RHB Donny Burnside 0-0: Ground out 1-3 (Groundball, P, EV 74.4 MPH)
Batting: RHB Kirk Arp 0-0: DOUBLE (Line Drive, 89XD, EV 105.0 MPH)
Batting: SHB Spencer Jones 0-0: Foul Ball, location: 2F
0-1: Ball
1-1: Called Strike
1-2: Ball
2-2: Strikes out swinging
Batting: RHB Danny Burnside 0-0: Ball
1-0: Ball
2-0: SINGLE (Line Drive, 9S, EV 104.4 MPH)
Kirk Arp to third
Runner from 3rd tries for Home, SAFE, throw by RF to home
Batting: LHB Michael Byrd 0-0: Ball
Danny Burnside steals 2nd base
1-0: Called Strike
1-1: Ball
2-1: SINGLE (Groundball, 4MD, EV 104.4 MPH)
Danny Burnside to third
Runner from 3rd tries for Home, SAFE, throw by CF to home
Batting: LHB Jon Schick 0-0: Ball
Michael Byrd steals 2nd base
1-0: Called Strike
1-1: Foul Ball, location: 2F
1-2: Ball
2-2: Ball
3-2: Foul Ball, location: 2F
3-2: Base on Balls
Batting: LHB Willis Robles 0-0: Foul Ball, location: 2F
0-1: Ball
1-1: SINGLE (Line Drive, 9LS, EV 106.2 MPH)
Michael Byrd to third
Jon Schick to second
Runner from 3rd tries for Home, SAFE, throw by RF to home
Batting: SHB Zory Larikov 0-0: Ball
1-0: Ball
2-0: Swinging Strike
2-1: Foul Ball, location: 2F
2-2: Foul Ball, location: 2F
2-2: Strikes out swinging
Top of the 5th over - 3 runs, 4 hits, 0 errors, 2 left on base; Toronto 3 - Miami 5
BOTTOM OF THE 5TH
Miami Marlins batting - Pitching for Toronto Blue Jays : RHP Bobby Wright
Batting: LHB Brad Turner 0-0: Called Strike
0-1: Ball
1-1: Ball
2-1: Ball
3-1: Base on Balls
Batting: RHB Jimmy Groseclose 0-0: Fly out, F9 (Line Drive, 89M, EV 98.1 MPH)
Batting: SHB Tze-meng Gan 0-0: Foul Ball, location: 2F
0-1: Called Strike
0-2: Grounds into double play, 5-4-3 (Groundball, 56, EV 100.0 MPH)
Bottom of the 5th over - 0 runs, 0 hits, 0 errors, 0 left on base; Toronto 3 - Miami 5
TOP OF THE 6TH
Toronto Blue Jays batting - Pitching for Miami Marlins : RHP Oscar Banda
Batting: LHB Nate Dean 0-0: SINGLE (Line Drive, 9S, EV 110.6 MPH)
Batting: RHB Donny Burnside 0-0: Ball
1-0: Ball
2-0: Called Strike
2-1: Ball
3-1: Grounds into double play, U6-3 (Groundball, 4M, EV 104.4 MPH)
Batting: RHB Kirk Arp 0-0: Called Strike
0-1: Called Strike
0-2: Ball
1-2: Ball
2-2: DOUBLE (Line Drive, 89D, EV 108.1 MPH)
Batting: SHB Spencer Jones 0-0: Swinging Strike
0-1: Ball
1-1: Ball
2-1: Foul Ball, location: 2F
2-2: Strikes out looking
Top of the 6th over - 0 runs, 2 hits, 0 errors, 1 left on base; Toronto 3 - Miami 5
BOTTOM OF THE 6TH
Miami Marlins batting - Pitching for Toronto Blue Jays : RHP Bobby Wright
Batting: RHB Bert Clark 0-0: DOUBLE (Line Drive, 7LD, EV 102.5 MPH)
Batting: RHB Adam McGurn 0-0: Fly out, F9 (Line Drive, 9, EV 105.6 MPH)
Runner from 2nd tags up, SAFE at 3rd with throw by RF
Batting: RHB Alberto Cotto 0-0: Ball
1-0: Foul Ball, location: 2F
1-1: Ball
2-1: Ball
3-1: SINGLE (Groundball, 56S, EV 66.2 MPH) (infield hit)
Bert Clark scores
Batting: RHB Willie Chavez 0-0: Ball
1-0: Swinging Strike
1-1: Foul Ball, location: 2F
1-2: Ball
2-2: Foul Ball, location: 2F
2-2: Foul Ball, location: 2F
2-2: Ball
3-2: Base on Balls
Alberto Cotto to second
Batting: RHB Mike Gar 0-0: Fielders Choice at 2nd, 1-4 (Groundball, P, EV 63.1 MPH)
Alberto Cotto to third
Batting: RHB Roger Salazar 0-0: Called Strike
0-1: Foul Ball, location: 2F
0-2: Fielders Choice at 2nd, 6-4 (Groundball, 6, EV 90.0 MPH)
Bottom of the 6th over - 1 run, 2 hits, 0 errors, 2 left on base; Toronto 3 - Miami 6
TOP OF THE 7TH
Toronto Blue Jays batting - Pitching for Miami Marlins : RHP Oscar Banda
Batting: RHB Danny Burnside 0-0: Ball
1-0: Called Strike
1-1: Ball
2-1: Foul Ball, location: 2F
2-2: Foul Ball, location: 2F
2-2: Ball
3-2: Foul Ball, location: 2F
3-2: Foul Ball, location: 2F
3-2: Ground out 4-3 (Groundball, 4, EV 78.8 MPH)
Batting: LHB Michael Byrd 0-0: Called Strike
0-1: Ball
1-1: Called Strike
1-2: Ball
2-2: Ball
3-2: Base on Balls
Pitching: RHP Chris Nickerson
Batting: LHB Jon Schick 0-0: Swinging Strike
0-1: Foul Ball, location: 2F
0-2: Strikes out looking
Batting: LHB Willis Robles 0-0: Ball
1-0: Called Strike
1-1: Foul Ball, location: 2F
1-2: Ball
2-2: Foul Ball, location: 2F
2-2: Ball
3-2: SINGLE (Groundball, 4MD, EV 101.9 MPH)
Michael Byrd to second
Michael Byrd to third
Batting: SHB Zory Larikov 0-0: Ball
1-0: Called Strike
1-1: Swinging Strike
1-2: Strikes out looking
Top of the 7th over - 0 runs, 1 hit, 0 errors, 2 left on base; Toronto 3 - Miami 6
BOTTOM OF THE 7TH
Miami Marlins batting - Pitching for Toronto Blue Jays : RHP Bobby Wright
Batting: LHB Brad Turner 0-0: Called Strike
0-1: Ball
1-1: Ball
2-1: Ball
3-1: Called Strike
3-2: Strikes out swinging, 2-3 out at first.
Batting: RHB Jimmy Groseclose 0-0: Ball
1-0: Ball
2-0: Ground out 5-3 (Groundball, 56, EV 77.5 MPH)
Batting: SHB Tze-meng Gan 0-0: Ball
1-0: Fly out, F9 (Flyball, 89S, EV 90.0 MPH)
Bottom of the 7th over - 0 runs, 0 hits, 0 errors, 0 left on base; Toronto 3 - Miami 6
TOP OF THE 8TH
Toronto Blue Jays batting - Pitching for Miami Marlins : RHP Chris Nickerson
Batting: LHB Nate Dean 0-0: Ball
1-0: Fly out, F7 (Flyball, 7, EV 86.2 MPH)
Batting: RHB Donny Burnside 0-0: Swinging Strike
0-1: Foul Ball, location: 2F
0-2: Ball
1-2: Strikes out swinging
Batting: RHB Kirk Arp 0-0: SINGLE (Line Drive, 8RS, EV 105.0 MPH)
Batting: SHB Spencer Jones 0-0: Called Strike
0-1: Called Strike
0-2: Ball
1-2: Ball
2-2: Foul Ball, location: 2F
2-2: Fielders Choice at 2nd, U6 (Groundball, 4MD, EV 88.1 MPH)
Top of the 8th over - 0 runs, 1 hit, 0 errors, 1 left on base; Toronto 3 - Miami 6
BOTTOM OF THE 8TH
Miami Marlins batting - Pitching for Toronto Blue Jays : RHP Bobby Wright
Pitching: RHP Junpei Yamazaki
Batting: RHB Bert Clark 0-0: Called Strike
0-1: Called Strike
0-2: Strikes out swinging
Batting: RHB Adam McGurn 0-0: Ground out 5-3 (Groundball, 25, EV 90.0 MPH)
Batting: RHB Alberto Cotto 0-0: Ball
1-0: Ball
2-0: Called Strike
2-1: Foul Ball, location: 2F
2-2: Foul Ball, location: 2F
2-2: Ball
3-2: Foul Ball, location: 2F
3-2: Hit by Pitch
Batting: RHB Willie Chavez 0-0: Ball
1-0: Called Strike
Alberto Cotto is caught stealing 2nd base 2-4
Bottom of the 8th over - 0 runs, 0 hits, 0 errors, 0 left on base; Toronto 3 - Miami 6
TOP OF THE 9TH
Toronto Blue Jays batting - Pitching for Miami Marlins : RHP Chris Nickerson
Pitching: RHP Adam Thomas
Batting: RHB Danny Burnside 0-0: Ball
1-0: Swinging Strike
1-1: Foul Ball, location: 2F
1-2: Foul Ball, location: 2F
1-2: Foul Ball, location: 2F
1-2: Ball
2-2: Foul Ball, location: 2F
2-2: Ball
3-2: Strikes out looking
Batting: LHB Michael Byrd 0-0: Swinging Strike
0-1: Foul Ball, location: 2F
0-2: Ball
1-2: Fly out, F8 (Flyball, 8RM, EV 92.5 MPH)
Batting: LHB Jon Schick 0-0: DOUBLE (Line Drive, 78M, EV 101.9 MPH)
Batting: LHB Willis Robles 0-0: Ball
1-0: Fly out, F7 (Flyball, 7, EV 85.6 MPH)
Top of the 9th over - 0 runs, 1 hit, 0 errors, 1 left on base; Toronto 3 - Miami 6
Thursday, December 15th , 2022 - OOTP Baseball 23.9 Build 102